 Dungeon Crawl Stone Soup version 0.29-a0-866-g0545e20025 (webtiles) character file.

Game seed: 1235335270641865858

3758 27snakeeyes612 the Skirmisher (level 10, -15/79 HPs)
             Began as a Gnoll Hunter on July 17, 2022.
             Was a Believer of Okawaru.
             Demolished by Gastronok (29 damage)
             ... on level 10 of the Dungeon.
             The game lasted 00:08:59 (9353 turns).

27snakeeyes612 the Skirmisher (Gnoll Hunter)        Turns: 9353, Time: 00:09:00

Health: -15/79     AC: 18    Str: 18    XL:     10   Next: 15%
Magic:  5/5        EV:  9    Int:  9    God:    Okawaru [**....]
Gold:   399        SH:  0    Dex: 12    Spells: 19/19 levels left

rFire   . . .      SeeInvis .   u - +7 hammer "Haur" {antimagic, rElec Will+ rCorr Dex-4}
rCold   . . .      Faith    .   (no shield)
rNeg    . . .      Spirit   .   A - +0 plate armour
rPois   +          Reflect  .   l - +0 helmet
rElec   +          Harm     .   y - +1 cloak {Stlth+}
rCorr   +          Rampage  .   F - +1 pair of gloves
Will    ++...                   (no boots)
Stlth   ..........              m - amulet "Runuij" {Acrobat Fragile Str+4}
HPRegen 0.23/turn               g - ring of willpower
MPRegen 0.09/turn               v - ring of poison resistance

@: contaminated, slowed, glowing, very slow
A: fangs 1, strong nose, distributed training, screaming 1, sturdy frame 1
a: Renounce Religion, Heroism


You were on level 10 of the Dungeon.
You worshipped Okawaru.
Okawaru was pleased with you.
You visited 2 branches of the dungeon, and saw 11 of its levels.

You collected 399 gold pieces.

Inventory:

Hand Weapons
 a - a +0 shortbow
 r - a +0 hammer
 t - the +9 hammer "Epotumeuxe" {venom, Contam rN++ Dex+4}
   (You found it on level 2 of the Dungeon)

   It poisons the flesh of those it strikes.
   Dex:       It affects your dexterity (+4).
   rN:        It greatly protects you from negative energy.
   Contam:    It causes magical contamination when unequipped.
 u - the +7 hammer "Haur" (weapon) {antimagic, rElec Will+ rCorr Dex-4}
   (You found it on level 2 of the Dungeon)

   It reduces the magical energy of the wielder, and disrupts the spells and
   magical abilities of those it strikes.
   Natural abilities and divine invocations are not affected.
   Dex:       It affects your dexterity (-4).
   rElec:     It insulates you from electricity.
   rCorr:     It protects you from acid and corrosion.
   Will:      It increases your willpower.
 L - the +8 flail of Ribbey {antimagic, Will- SInv Stlth+}
   (You found it on level 6 of the Dungeon)

   It reduces the magical energy of the wielder, and disrupts the spells and
   magical abilities of those it strikes.
   Natural abilities and divine invocations are not affected.
   SInv:      It lets you see invisible.
   Will:      It decreases your willpower.
   Stlth:     It makes you more stealthy.
 S - a +1 morningstar
Missiles
 B - 2 throwing nets
 C - 14 poisoned darts
Armour
 c - a +0 leather armour
 d - a +0 pair of gloves
 l - a +0 helmet (worn)
 y - a +1 cloak of stealth (worn)
 A - a +0 plate armour (worn)
 F - a +1 pair of gloves (worn)
Jewellery
 g - a ring of willpower (left hand)
 j - an amulet of guardian spirit
 m - the amulet "Runuij" (around neck) {Acrobat Fragile Str+4}
   (You found it on level 2 of the Dungeon)

   [amulet of the acrobat]

   It increases your evasion while moving and waiting.
   Str:       It affects your strength (+4).
   Fragile:   It will be destroyed if unequipped.
 p - a ring of ice
 v - a ring of poison resistance (right hand)
 J - a ring of magical power
 O - a ring of resist corrosion
Wands
 s - a wand of roots (8)
 E - a wand of digging (7)
 H - a wand of flame (24)
 R - a wand of mindburst (23)
Scrolls
 b - a scroll of immolation
 h - 5 scrolls of fog
 k - a scroll of silence
 x - 2 scrolls of teleportation
 D - 2 scrolls of summoning
 M - a scroll of poison
 N - 2 scrolls of identify
 Q - a scroll of fear
Potions
 e - 2 potions of berserk rage
 f - 5 potions of heal wounds
 i - 3 potions of curing {unknown}
 n - 2 potions of ambrosia {unknown}
 o - 2 potions of lignification {unknown}
 q - a potion of haste {unknown}
 w - a potion of flight {unknown}
 z - a potion of might {unknown}
 G - a potion of attraction {unknown}
 I - a potion of invisibility {unknown}
 P - 2 potions of mutation {unknown}


   Skills:
 + Level 7.0 Fighting
 + Level 5.2 Short Blades
 + Level 5.2 Long Blades
 + Level 5.2 Axes
 + Level 5.2 Maces & Flails
 + Level 5.2 Polearms
 + Level 5.2 Staves
 + Level 10.0 Ranged Weapons
 + Level 5.2 Throwing
 + Level 5.2 Armour
 + Level 7.0 Dodging
 + Level 5.7 Stealth
 + Level 5.2 Shields
 + Level 5.2 Unarmed Combat
 + Level 5.2 Spellcasting
 + Level 4.3 Conjurations
 + Level 4.3 Hexes
 + Level 4.3 Summonings
 + Level 4.3 Necromancy
 + Level 4.3 Translocations
 + Level 4.3 Transmutations
 + Level 4.3 Fire Magic
 + Level 4.3 Ice Magic
 + Level 4.3 Air Magic
 + Level 4.3 Earth Magic
 + Level 4.3 Poison Magic
 + Level 5.7 Invocations
 + Level 5.2 Evocations


You had 19 spell levels left.
You didn't know any spells.
Your spell library contained the following spells:

 Spells                   Type           Power      Damage    Failure   Level
 Poisonous Vapours        Pois/Air       20%        N/A       69%         2
 Conjure Flame            Conj/Fire      10%        6-21      89%         3
 Ignite Poison            Fire/Tmut/Pois 10%        N/A       89%         3
 Corpse Rot               Necr/Pois/Air  10%        N/A       100%        4
 Sticky Flame             Conj/Fire      10%        2d3       100%        4


Dungeon Overview and Level Annotations

Branches:
Dungeon (10/15)            Temple (1/1) D:5            Lair (0/6) D:8
    Orc: D:9-12

Altars:
Ashenzari
Cheibriados
Elyvilon
Kikubaaqudgha
Okawaru
Qazlal
Ru
Trog
Wu Jian
Yredelemnul

Shops:
D:1 (!*   D:7 ?   D:10 :

Annotations:
D:10 Gastronok


Innate Abilities, Weirdness & Mutations

You have very sharp teeth.
Your uncanny sense of smell can sniff out nearby items.
Your experience applies equally to all skills.
You occasionally shout uncontrollably at your foes.
Your movements are slightly less encumbered by armour. (ER -2)


Message History

Found Vikewyus's Book Shop.
There is an open door here.
There is an entrance to Vikewyus's Book Shop here.
You open the door.
Gastronok the Ponderous comes into view.
He is wearing a +0 hat of willpower.
Gastronok gurgles horribly!
Gastronok casts a spell at you.
You feel yourself slow down.
Gastronok is nearby!
Really unwield
t - the +9 hammer "Epotumeuxe" {venom, Contam rN++ Dex+4}?
Mutagenic energies flood into your body!
You are contaminated with residual magic.
The +9 hammer "Epotumeuxe" {venom, Contam rN++ Dex+4} stops dripping with poison.
You feel clumsy.
You feel magic leave you.
u - the +7 hammer "Haur" (weapon)
{antimagic, rElec Will+ rCorr Dex-4}
There is an open door here.
Found a club.
Gastronok waves his eye-stalks in wide circles.
The air twists around and strikes you!!
You sock Gastronok!
Gastronok's magic leaks into the air.
Gastronok is lightly wounded.
Gastronok bites you!
You hit Gastronok but do no damage. Your bite misses Gastronok.
Gastronok is lightly wounded.
Gastronok waves his eye-stalks in wide circles.
The air twists around and strikes you!!
* * * LOW HITPOINT WARNING * * *
You hit Gastronok.
Gastronok's magic leaks into the air.
You bite Gastronok.
Gastronok is lightly wounded.
Gastronok's magic is no longer disrupted.
Gastronok's eyestalks quiver as he mumbles some strange words.
Gastronok puts on a burst of speed!
You hit Gastronok.
Gastronok's magic leaks into the air.
You bite Gastronok.
Gastronok is lightly wounded.
Gastronok falters for a moment.
You hit Gastronok.
Gastronok's magic leaks into the air.
Gastronok is lightly wounded.
Gastronok bites you!!
You die...

#..........####.#
####.........####.#.#
.............'.......
####...##....#####..#
.......##....#####..###∆
........+....'........
####...##.....####..##
###.##...#'####..###.
#.##...+∩'.@w......
#.######+#......### #).
........# ##.
#..)......# .
#.........# #######+###
∆


You could see Gastronok (swift, magic disrupted).

Vanquished Creatures
  Pikel (D:5)
  Grinder (D:6)
  Sigmund (D:5)
  A wraith (D:9)
  2 vampire mosquitoes (D:6)
  Edmund (D:5)
  2 water moccasins
  An ogre (D:6)
  A black bear (D:8)
  2 centaurs (D:9)
  A kobold brigand (D:8)
  Blork the orc (D:5)
  3 bullfrogs
  A necrophage (D:8)
  2 scorpions (D:6)
  3 wights (D:7)
  8 howler monkeys
  2 bullfrog zombies (D:5)
  An iron imp (D:8)
  2 hounds
  Crazy Yiuf (D:2)
  6 orc priests
  A gnoll bouda (D:8)
  5 iguanas
  4 orc wizards
  13 gnolls
  5 adders
  2 shadow imps
  A dart slug (D:1)
  21 orcs
  6 ball pythons
  4 endoplasms
  2 giant cockroaches
  7 goblins
  7 hobgoblins
  8 jackals (D:3)
  4 quokkas
  6 bats
  2 frilled lizards (D:1)
  10 kobolds
  7 rats
  A butterfly (D:5)
160 creatures vanquished.

Vanquished Creatures (others)
  10 fungi (D:4)
  4 plants (D:2)
14 creatures vanquished.

Grand Total: 174 creatures vanquished

Notes
Turn   | Place    | Note
-------+----------+-------------------------------------------
     0 | D:1      | 27snakeeyes612 the Gnoll Hunter began the quest for the
                  | Orb.
     0 | D:1      | Reached XP level 1. HP: 20/20 MP: 1/1
    47 | D:1      | Found Jiruely's Distillery.
    49 | D:1      | Found Locox's Assorted Antiques.
    90 | D:1      | Reached XP level 2. HP: 26/26 MP: 2/2
   209 | D:1      | Found Nerur's Distillery.
   486 | D:1      | Found Idianau's Antique Weapon Emporium.
   621 | D:1      | Reached XP level 3. HP: 31/31 MP: 3/3
   824 | D:2      | Identified the amulet "Runuij" {Acrobat Fragile Str+4}
   856 | D:2      | Found a faded altar of an unknown god.
  1052 | D:2      | Reached skill level 1 in Invocations
  1236 | D:2      | Found a runed translucent door.
  1237 | D:2      | Noticed Crazy Yiuf
  1248 | D:2      | Killed Crazy Yiuf
  1249 | D:2      | Reached skill level 1 in Short Blades
  1249 | D:2      | Reached skill level 1 in Long Blades
  1249 | D:2      | Reached skill level 1 in Axes
  1249 | D:2      | Reached skill level 1 in Maces & Flails
  1249 | D:2      | Reached skill level 1 in Polearms
  1249 | D:2      | Reached skill level 1 in Staves
  1249 | D:2      | Reached skill level 1 in Throwing
  1249 | D:2      | Reached skill level 1 in Armour
  1249 | D:2      | Reached skill level 1 in Shields
  1249 | D:2      | Reached skill level 1 in Unarmed Combat
  1249 | D:2      | Reached skill level 1 in Spellcasting
  1249 | D:2      | Reached skill level 1 in Evocations
  1249 | D:2      | Reached XP level 4. HP: 38/38 MP: 5/5
  1251 | D:2      | Identified the +7 hammer "Haur" {antimagic, rElec Will+
                  | rCorr Dex-4}
  1254 | D:2      | Identified the +9 hammer "Epotumeuxe" {venom, Contam rN++
                  | Dex+4}
  1838 | D:3      | Reached skill level 1 in Conjurations
  1838 | D:3      | Reached skill level 1 in Hexes
  1838 | D:3      | Reached skill level 1 in Summonings
  1838 | D:3      | Reached skill level 1 in Necromancy
  1838 | D:3      | Reached skill level 1 in Translocations
  1838 | D:3      | Reached skill level 1 in Transmutations
  1838 | D:3      | Reached skill level 1 in Fire Magic
  1838 | D:3      | Reached skill level 1 in Ice Magic
  1838 | D:3      | Reached skill level 1 in Air Magic
  1838 | D:3      | Reached skill level 1 in Earth Magic
  1838 | D:3      | Reached skill level 1 in Poison Magic
  2162 | D:3      | Reached XP level 5. HP: 37/43 MP: 7/7
  3122 | D:4      | Reached XP level 6. HP: 48/50 MP: 8/8
  3178 | D:4      | Found a faded altar of an unknown god.
  3270 | D:5      | Entered Level 5 of the Dungeon
  3296 | D:5      | Found a staircase to the Ecumenical Temple.
  3296 | D:5      | Noticed Blork the orc
  3312 | D:5      | Gained mutation: You occasionally shout uncontrollably at
                  | your foes. [mutagenic glow]
  3315 | D:5      | Killed Blork the orc
  3316 | D:5      | Reached skill level 5 in Fighting
  3316 | D:5      | Reached skill level 5 in Dodging
  3425 | D:5      | Noticed Grinder
  3425 | D:5      | Noticed Sigmund
  3433 | D:5      | Paralysed by Grinder for 4 turns
  3435 | D:5      | Gained mutation: Your movements are slightly less
                  | encumbered by armour. (ER -2) [mutagenic glow]
  3566 | D:6      | Killed Grinder
  3567 | D:6      | Reached XP level 7. HP: 56/56 MP: 3/10
  3677 | D:5      | Killed Sigmund
  3678 | D:5      | Reached skill level 9 in Ranged Weapons
  3772 | D:5      | Noticed Edmund
  3783 | D:5      | Killed Edmund
  4095 | D:5      | Reached XP level 8. HP: 46/63 MP: 12/12
  4283 | D:5      | Noticed Pikel
  4297 | D:5      | Killed Pikel
  4508 | D:5      | Found a basalt altar of Yredelemnul.
  4574 | Temple   | Entered the Ecumenical Temple
  4670 | Temple   | Became a worshipper of Warmaster Okawaru
  4955 | D:6      | Reached XP level 9. HP: 61/69 MP: 14/14
  5602 | D:6      | Identified the +8 flail of Ribbey {antimagic, Will- SInv
                  | Stlth+}
  5803 | D:6      | Reached * piety under Okawaru
  6197 | D:7      | Reached skill level 5 in Stealth
  6267 | D:7      | Found a broken altar of Ashenzari.
  6307 | D:7      | Found an ancient bone altar of Kikubaaqudgha.
  6314 | D:7      | Identified the +0 ring mail "Cosusuan" {Rampage}
  6570 | D:7      | Reached skill level 5 in Invocations
  6728 | D:7      | Found Duxzeana's Magic Scroll Emporium.
  7284 | D:8      | Found a bloodstained altar of Trog.
  7395 | D:8      | Found a staircase to the Lair.
  7843 | D:8      | Reached ** piety under Okawaru
  8229 | D:8      | Found a snail-covered altar of Cheibriados.
  8283 | D:8      | Reached skill level 5 in Short Blades
  8283 | D:8      | Reached skill level 5 in Long Blades
  8283 | D:8      | Reached skill level 5 in Axes
  8283 | D:8      | Reached skill level 5 in Maces & Flails
  8283 | D:8      | Reached skill level 5 in Polearms
  8283 | D:8      | Reached skill level 5 in Staves
  8283 | D:8      | Reached skill level 5 in Throwing
  8283 | D:8      | Reached skill level 5 in Armour
  8283 | D:8      | Reached skill level 5 in Shields
  8283 | D:8      | Reached skill level 5 in Unarmed Combat
  8283 | D:8      | Reached skill level 5 in Spellcasting
  8283 | D:8      | Reached skill level 5 in Evocations
  8283 | D:8      | Reached XP level 10. HP: 77/77 MP: 17/17
  8704 | D:9      | Reached skill level 10 in Ranged Weapons
  8867 | D:9      | Noticed a two-headed ogre
  9218 | D:9      | Noticed a two-headed ogre
  9258 | D:10     | Entered Level 10 of the Dungeon
  9341 | D:10     | Found Vikewyus's Book Shop.
  9344 | D:10     | Noticed Gastronok
  9353 | D:10     | Demolished by Gastronok

Illustrated notes

Levels and vault maps discovered:
D:1:      tarquinn_simple_flora_water_d, layout_basic, serial_shops,
          nicolae_shop_crystal, nicolae_shop_crystal, shop, shop,
          nicolae_kite_square_tiling_tiny
D:2:      layout_loops_ring, serial_bayou, serial_bayou_pond_a,
          serial_bayou_pond_b, serial_bayou_shore_b, serial_bayou_pond_c,
          serial_bayou_pond_d, chequers_ecumenical_altar_simple,
          uniq_crazy_yiuf_cottage
D:3:      layout_loops_corners
D:4:      layout_cave_pools, serial_column_ruins, column_ruins_temple_circle,
          column_ruins_hut_pillars, column_ruins_open_small_water,
          column_ruins_columns_straight, column_ruins_corridor_straight,
          column_ruins_corridor_dead_end, hangedman_abyss_or_decor_stagger,
          dreamdust_mushroom_princess
D:5:      layout_rooms, lemuel_zombie_altar_yredelemnul,
          minmay_temple_entry_butterflies, uniq_grinder, uniq_pikel,
          uniq_edmund, uniq_sigmund, uniq_blork_the_orc
D:6:      layout_loops_corners
D:7:      layout_loops_ring, nicolae_overflow_hidden_temple,
          mainiacjoe_overflow_cross_hatched, serial_shops, shop
D:8:      layout_basic, amcnicky_altar_gilded, slow_altar_2, lair_entry_dummy
D:9:      layout_irregular_city
D:10:     layout_basic, serial_shops, nicolae_shop_behind_doors,
          solitary_fountain, uniq_gastronok
Temple:   nicolae_temple_bog_church

Skill      XL: |  1  2  3  4  5  6  7  8  9 10 |
---------------+-------------------------------+-----
Invocations    | 1 2 3 4 5 |  5.7
Short Blades   | 1 2 3 5 |  5.2
Long Blades    | 1 2 3 5 |  5.2
Axes           | 1 2 3 5 |  5.2
Maces & Flails | 1 2 3 5 |  5.2
Polearms       | 1 2 3 5 |  5.2
Staves         | 1 2 3 5 |  5.2
Throwing       | 1 2 3 5 |  5.2
Armour         | 1 2 3 5 |  5.2
Shields        | 1 2 3 5 |  5.2
Unarmed Combat | 1 2 3 5 |  5.2
Spellcasting   | 1 2 3 5 |  5.2
Evocations     | 1 2 3 5 |  5.2
Conjurations   | 1 2 3 4 |  4.3
Hexes          | 1 2 3 4 |  4.3
Summonings     | 1 2 3 4 |  4.3
Necromancy     | 1 2 3 4 |  4.3
Translocations | 1 2 3 4 |  4.3
Transmutations | 1 2 3 4 |  4.3
Fire Magic     | 1 2 3 4 |  4.3
Ice Magic      | 1 2 3 4 |  4.3
Air Magic      | 1 2 3 4 |  4.3
Earth Magic    | 1 2 3 4 |  4.3
Poison Magic   | 1 2 3 4 |  4.3
Stealth        | 3 4 5 |  5.7
Fighting       | 5 6 7 |  7.0
Dodging        | 5 6 7 |  7.0
Ranged Weapons | 9 10 | 10.0

Action                   |  1- 3 |  4- 6 |  7- 9 | 10-12 || total
-------------------------+-------+-------+-------+-------++-------
Melee: Mace              |     3 |    72 |   243 |    48 ||   366
       Bite              |       |     5 |    23 |     8 ||    36
       Punch             |       |     3 |     7 |     3 ||    13
 Fire: Shortbow          |    93 |       |       |       ||    93
  Use: Scroll            |     5 |       |     6 |     1 ||    12
       Potion            |     1 |       |       |       ||     1
 Stab: Sleeping          |       |     4 |     3 |       ||     7
Armor: Leather armour    |    12 |    20 |    19 |       ||    51
       Plate armour      |       |       |    89 |    35 ||   124
Dodge: Dodged            |    17 |    88 |   175 |    55 ||   335

Table legend: (Time is in decaauts)
 A = Elapsed time spent in this place.
 B = Non-inter-level travel time spent in this place.
 C = Inter-level travel time spent in this place.
 D = Time resting spent in this place.
 E = Time spent auto-exploring this place.
 F = Levels seen in this place.
 G = Mean time per level.
                   A        B        C        D        E       F      G
               +--------+--------+--------+--------+--------+-----+--------+
         Total |   9466 |   9104 |    362 |    680 |   7011 |  11 |  860.5 |
       Dungeon |   9358 |   8996 |    362 |    680 |   6926 |  10 |  935.8 |
        Temple |    107 |    107 |      0 |      0 |     85 |   1 |  107.0 |
               +--------+--------+--------+--------+--------+-----+--------+

Top non-repeatable levels by time:
     D:8: 1644 daAuts
     D:6: 1603 daAuts
     D:5: 1234 daAuts
     D:3: 1018 daAuts
     D:7: 943 daAuts
     D:2: 937 daAuts
     D:4: 696 daAuts
     D:1: 669 daAuts
     D:9: 512 daAuts
  Temple: 107 daAuts
    D:10: 98 daAuts
